[Event "*** MasterClass Titled Tuesday Blitz"]
[Site "Chess.com"]
[Date "2017.08.01"]
[Round "7"]
[White "gui_borba"]
[Black "Giraffe_Chess"]
[Result "0-1"]
[WhiteElo "2126"]
[BlackElo "2221"]
[TimeControl "180+2"]
[EndTime "14:31:22 PDT"]
[Termination "Giraffe_Chess won by resignation"]

1. Nf3 Nf6 2. b3 d5 3. Bb2 Bf5 4.
g3 Nbd7 5. Bg2 e6 6. O-O h6 7. d3 Be7 8. e3 O-O 9. Qe2 c6 10. Kh1 a5 11. a3 Bh7 12. Nbd2 Re8 13. e4 Nc5 14. Ne5 Nfd7 15. Nxd7 Nxd7 16. Rad1 Bf6 17. e5 Be7 18. c4 Nc5 19. Nf3 Nxb3 20.
cxd5 cxd5 21. Nd4 Nxd4 22. Bxd4 Bxa3 23. f4 Qe7 24. g4 Bc5 25. Ba1 a4 26. f5 Qc7 27. f6 g5 28. h4 gxh4 29. Qd2 Bf8 30. g5 Bg6 31. gxh6 Kh7 32. Rf4 Rec8 33. Rxh4 Qc2 34. Kh2 b5 35. Qxc2 Rxc2 36. Rb1 Bxd3 0-1

[Event "*** MasterClass Titled Tuesday Blitz"]
[Site "Chess.com"]
[Date "2017.08.01"]
[Round "7"]
[White "michaelq2d5"]
[Black "Tash_Boy"]
[Result "1-0"]
[WhiteElo "2597"]
[BlackElo "2446"]
[TimeControl "180+2"]
[EndTime "14:31:31 PDT"]
[Termination "michaelq2d5 won by resignation"]

1. d4 Nf6 2. c4 c5 3. d5 b5 4.
cxb5 a6 5. bxa6 g6 6. Nc3 Bg7 7.
e4 O-O 8. Bd3 Qa5 9. Ne2 e6 10.
O-O exd5 11. exd5 Bxa6 12. Bf4 Bxd3 13. Qxd3 Na6 14. a3 Rfe8 15. h3 Qb6 16. Rab1 Qb3 17. Rfd1 c4 18. Qf3 Nc5 19. Bd6 Nd3 20. Nc1 Nxc1 21.
Rdxc1 Ra6 22. Bb4 d6 23. Rd1 Rb6 24. Rd2 Nd7 25. Ne4 Qa2 26. Rbd1 Ne5 27. Qe3 Nd3 28. Qxb6 Nxb4 29. Nxd6 Re5 30. Qxb4 Bf8 31. Qb8 Rg5 32. Ne4 Rf5 33. d6 c3 34. bxc3 Qc4 35. Ng3 Rb5 36. Qe8 Qxc3 37. d7 Qf6 38. d8=Q Qg7 39. Qxb5 1-0

[Event "*** MasterClass Titled Tuesday Blitz"]
[Site "Chess.com"]
[Date "2017.08.01"]
[Round "7"]
[White "oskariot"]
[Black "Usurpov"]
[Result "1-0"]
[WhiteElo "2499"]
[BlackElo "2300"]
[TimeControl "180+2"]
[EndTime "14:31:36 PDT"]
[Termination "oskariot won by resignation"]

1. c4 Nf6 2. Nc3 d5 3. cxd5 Nxd5 4. g3 g6 5. Bg2 Nxc3 6. bxc3 Bg7 7. h4 h6 8. Rb1 Nc6 9. h5 g5 10. Qa4 O-O 11.
Nf3 Qd7 12. Qc2 b6 13. d4 Qf5 14. e4 Qa5 15. e5 Be6 16. Nxg5 hxg5 17. Bxc6 Qxa2 18.
Qxa2 Bxa2 19. Ra1 Bc4 20. h6 Bh8 21. h7+ Kg7 22. Bxg5 Kg6 23. Bxe7 a5 24. Be4+ f5 25.
exf6+ Kf7 26. Bxa8 Rxa8 27. Kd2 a4 28. g4 Kg6 29. f4 Bf7 30. Rh5 Bb3 31. f5+ Kf7 32. g5 1-0

[Event "*** MasterClass Titled Tuesday Blitz"]
[Site "Chess.com"]
[Date "2017.08.01"]
[Round "7"]
[White "Bengalas"]
[Black "krzyzan94"]
[Result "0-1"]
[WhiteElo "2469"]
[BlackElo "2542"]
[TimeControl "180+2"]
[EndTime "14:31:49 PDT"]
[Termination "krzyzan94 won by checkmate"]

1. d4 Nf6 2. c4 e6 3. Nc3 Bb4 4. Qc2 O-O 5. Nf3 d5 6. cxd5 Qxd5 7. e3 c5 8. Bd2 Bxc3 9. Bxc3 cxd4 10. Bxd4 Nc6 11.
Bxf6 gxf6 12. a3 Kh8 13. Qc3 e5 14. Bc4 Qe4 15. Rd1 Rg8 16. Bd5 Qg6 17. g3 Bg4 18.
Nh4 Qh5 19. f3 Be6 20. Bxc6 bxc6 21. Kf2 Rab8 22. b4 a5 23. Rd2 axb4 24. axb4 c5 25. Qxc5 Qg5 26. Rhd1 Rgc8 27. Qe7 Re8 28. Rd8 Rbxd8 29. Rxd8 Rxd8 30. Qxd8+ Kg7 31. Qd6 e4 32. fxe4 Qb5 33. Qd4 Qa4 34. Nf3 Qc2+ 35. Qd2 Qb1 36. e5 fxe5 37. Nxe5 Bh3 38. Nf3 Qf1# 0-1

[Event "*** MasterClass Titled Tuesday Blitz"]
[Site "Chess.com"]
[Date "2017.08.01"]
[Round "7"]
[White "Jungle_Jaguar"]
[Black "matej2221"]
[Result "1-0"]
[WhiteElo "2320"]
[BlackElo "2252"]
[TimeControl "180+2"]
[EndTime "14:31:57 PDT"]
[Termination "Jungle_Jaguar won by resignation"]

1. c4 c6 2. g3 d5 3. Bg2 Nf6 4. Nf3 Bf5 5. O-O e6 6. b3 Be7 7. Bb2 Kf8 8. d4 g6 9. Nbd2 Ne4 10. h3 g5 11. g4 Bg6 12. Ne5 Nxd2 13. Qxd2 Bf6 14. f4 gxf4 15. Nxg6+ fxg6 16. Qxf4 Kg7 17. g5 Bxg5 18. Qf7+ Kh6 19. Rf3 Nd7 20. h4 Bd2 21. Rd1 Rf8 22. Qxe6 Rxf3 23. exf3 Bf4 24.
cxd5 cxd5 25. Qxd5 Be3+ 26. Kf1 Qxh4 27. Ke2 Nf6 28.
Qe5 Re8 29. Rh1 Qxh1 30. Bxh1 Bxd4 31. Bxd4 Rxe5+ 32. Bxe5 1-0

[Event "*** MasterClass Titled Tuesday Blitz"]
[Site "Chess.com"]
[Date "2017.08.01"]
[Round "7"]
[White "prochn"]
[Black "IIIlllII1llIl"]
[Result "0-1"]
[WhiteElo "2284"]
[BlackElo "2624"]
[TimeControl "180+2"]
[EndTime "14:32:04 PDT"]
[Termination "IIIlllII1llIl won by resignation"]

1. d4 c5 2. d5 e6 3. c4 exd5 4. cxd5 d6 5. Nc3 g6 6. e4 Bg7 7. Nf3 a6 8. a4 Bg4 9. Be2 Nf6 10. O-O O-O 11. Bg5 Nbd7 12. Nd2 Bxe2 13. Nxe2 b5 14. Qc2 h6 15. Bf4 Qe7 16. axb5 axb5 17. Nc3 Nh5 18.
Be3 b4 19. Nb5 Ne5 20. Nxd6 Rxa1 21. Rxa1 Qxd6 22. Qxc5 Qb8 23. Ra7 Ng4 24. d6 Rc8 25. Rc7 Rd8 26. Bd4 Bxd4 27. Qxd4 Ng7 28. Qc4 Ne6 29. f4 Qb6+ 0-1

[Event "*** MasterClass Titled Tuesday Blitz"]
[Site "Chess.com"]
[Date "2017.08.01"]
[Round "7"]
[White "pawnwonder"]
[Black "MateusViageiro"]
[Result "0-1"]
[WhiteElo "1867"]
[BlackElo "2294"]
[TimeControl "180+2"]
[EndTime "14:32:06 PDT"]
[Termination "MateusViageiro won by resignation"]

1. e4 c5 2. Nf3 d6 3. c3 Nf6 4.
Be2 e6 5. O-O Nbd7 6. Qc2 Be7 7.
d4 Qc7 8. c4 O-O 9. Nc3 a6 10.
Rd1 cxd4 11. Nxd4 Ne5 12. b3 Bd7 13. f3 Rfc8 14. a4 d5 15. exd5 exd5 16. Bf4 Nxf3+ 17. Bxf3 Qxf4 18. Nxd5 Nxd5 19. Bxd5 Bc5 20. Qd2 Qf6 21. Kh1 Bg4 22. Rf1 Qxd4 23. Qxd4 Bxd4 24. Bxf7+ Kh8 25. Rae1 Bf6 26. Bd5 Rab8 27. h3 Bd7 28. Rd1 Bc6 29.
Bxc6 bxc6 30. Rd7 Rxb3 31. Ra7 Rb4 32. Rxa6 Rxc4 33. Rb1 h6 34. a5 Be5 35. Ra7 Rd8 36.
a6 Rcd4 37. Rg1 Ra4 38. Rb1 Kh7 39. Kg1 Bd4+ 40. Kf1 Bxa7 0-1

[Event "*** MasterClass Titled Tuesday Blitz"]
[Site "Chess.com"]
[Date "2017.08.01"]
[Round "7"]
[White "ehrenfeld"]
[Black "Muracle"]
[Result "1-0"]
[WhiteElo "2411"]
[BlackElo "2422"]
[TimeControl "180+2"]
[EndTime "14:32:15 PDT"]
[Termination "ehrenfeld won by resignation"]

1. e4 c5 2. Nf3 Nc6 3. Bb5 Nf6 4.
Bxc6 dxc6 5. d3 Bg4 6. Nbd2 Qc7 7.
h3 Bh5 8. Nf1 e5 9. Ng3 Bg6 10.
Nh4 O-O-O 11. Qe2 Nd7 12. Nhf5 f6 13. Bd2 Bf7 14. O-O g6 15. Ne3 Be7 16. Nc4 Nf8 17. f4 Ne6 18. fxe5 Nd4 19. Qd1 Bxc4 20. dxc4 Qxe5 21.
Bf4 Qe6 22. c3 g5 23. cxd4 gxf4 24. d5 Qe5 25. Qg4+ Kb8 26. Qxf4 Bd6 27. Qxe5 Bxe5 28.
Nf5 Bxb2 29. Rab1 Be5 30. dxc6 b6 31. Rbd1 Kc7 32. Rd5 Kxc6 33. Rfd1 Rxd5 34. exd5+ Kd7 35. Kf2 Rg8 36. Kf3 h5 37. Re1 Rb8 38. a4 Rg8 39.
Rb1 Kc7 40. Rg1 Kd7 41. g4 hxg4+ 42. Rxg4 Rh8 43. h4 Rh7 44. Ke4 a6 45. Rg7+ Rxg7 46. Nxg7 Ke7 47. Nf5+ Kf7 48. h5 Bc3 49. d6 1-0

[Event "*** MasterClass Titled Tuesday Blitz"]
[Site "Chess.com"]
[Date "2017.08.01"]
[Round "7"]
[White "Blitzking4444"]
[Black "toad"]
[Result "0-1"]
[WhiteElo "2140"]
[BlackElo "2110"]
[TimeControl "180+2"]
[EndTime "14:32:23 PDT"]
[Termination "toad won by checkmate"]

1. e4 c5 2. Nf3 d6 3. d4 cxd4 4. Nxd4 Nf6 5. Nc3 a6 6. Be2 e6 7. f4 e5 8. Nf5 Bxf5 9. exf5 Nc6 10. Bf3 Qc7 11. g4 Nd4 12. Bg2 h5 13. g5 Nd7 14.
Be3 Nxf5 15. Qd2 Rc8 16. O-O-O Be7 17. Bf2 O-O 18. Bh3 Nd4 19. Bxd4 exd4 20. Nd5 Qd8 21. Bxd7 Qxd7 22. Nb6 Qe6 23. Nxc8 Rxc8 24. Qe1 Qxa2 25. Qxe7 Qa1+ 26. Kd2 Qxb2 27. Rc1 d3 28. Kxd3 Rc3+ 29. Ke4 Qb4+ 30. Kf5 g6+ 31. Kf6 Qd4+ 32. Qe5 dxe5 33. fxe5 Rc6+ 34. Ke7 Re6# 0-1

[Event "*** MasterClass Titled Tuesday Blitz"]
[Site "Chess.com"]
[Date "2017.08.01"]
[Round "7"]
[White "livestrong04"]
[Black "Rsnr"]
[Result "0-1"]
[WhiteElo "2360"]
[BlackElo "2512"]
[TimeControl "180+2"]
[EndTime "14:32:26 PDT"]
[Termination "Rsnr won by resignation"]

1. e4 c6 2. c4 d5 3. cxd5 cxd5 4. exd5 Nf6 5. Qa4+ Nbd7 6. Nc3 g6 7. Nf3 Bg7 8. Bc4 a6 9. d3 Rb8 10. Bf4 b5 11. Qa3 Rb6 12. O-O b4 13. Qa4 bxc3 14.
bxc3 O-O 15. Rfe1 Bb7 16. Qa5 Rb2 17. Qa3 Rb6 18. Rxe7 Nxd5 19. Bg5 Nxe7 20. Bxe7 Qc7 21. Ng5 Ne5 22. Bxf8 Bxf8 23. Qa4 Nxc4 24. dxc4 Qc6 25.
Qxc6 Bxc6 26. Rd1 h6 27. Nh3 Rb2 28. Nf4 Rxa2 29. Nd5 a5 30. h4 Bc5 31. Rb1 Bxf2+ 32. Kf1 Bxh4 33. Rb6 Bd7 34. c5 Rf2+ 35. Kg1 Rd2 36. c4 Bf2+ 37. Kf1 Bxc5 38. Ra6 a4 39. Ke1 Rd4 40. Ra5 Rxd5 41. Ra8+ Kg7 42. cxd5 Kf6 43. Kd2 Ke5 44. Kd3 Kxd5 45. Ra7 Bb5+ 46. Kc3 0-1

[Event "*** MasterClass Titled Tuesday Blitz"]
[Site "Chess.com"]
[Date "2017.08.01"]
[Round "7"]
[White "sergiochess83"]
[Black "Rumpel-VK"]
[Result "1-0"]
[WhiteElo "2668"]
[BlackElo "2467"]
[TimeControl "180+2"]
[EndTime "14:32:31 PDT"]
[Termination "sergiochess83 won on time"]

1. e4 d6 2. d4 Nf6 3. Nc3 e5 4. Nf3 Nbd7 5. Bc4 Be7 6. a4 O-O 7. O-O c6 8. h3 Qc7 9. Re1 h6 10. Be3 Re8 11. Ba2 Nf8 12. Qd2 Be6 13. Bxe6 Nxe6 14.
Rad1 a6 15. d5 cxd5 16. exd5 Nf8 17. Nxe5 dxe5 18. d6 Bxd6 19. Qxd6 Qxd6 20. Rxd6 Rad8 21. Red1 Rxd6 22. Rxd6 Re6 23. Rd8 Re8 24. Rd6 Re6 25. Rd2 N8d7 26. Ne4 Rc6 27. c3 Kf8 28. Nd6 b6 29.
Nf5 h5 30. f4 e4 31. Bd4 g6 32.
Ne3 Ke7 33. g4 hxg4 34. hxg4 Rd6 35. Kf2 Nd5 36. Be5 Nxe5 37. fxe5 1-0

[Event "*** MasterClass Titled Tuesday Blitz"]
[Site "Chess.com"]
[Date "2017.08.01"]
[Round "7"]
[White "Sebastian"]
[Black "ChessQueen"]
[Result "1-0"]
[WhiteElo "2800"]
[BlackElo "2592"]
[TimeControl "180+2"]
[EndTime "14:32:33 PDT"]
[Termination "Sebastian won by resignation"]

1. e4 e5 2. Nf3 Nf6 3. Nxe5 d6 4. Nf3 Nxe4 5. d4 d5 6. Bd3 Bd6 7. O-O O-O 8. c4 c6 9. Re1 Bf5 10. Nc3 Nxc3 11. bxc3 Bxd3 12. Qxd3 dxc4 13. Qxc4 Nd7 14. Bg5 Nb6 15. Qb3 Qd7 16. c4 c5 17. Rad1 cxd4 18. Rxd4 Qc7 19. Qd3 Bc5 20. Rh4 g6 21. Bf6 Rfe8 22.
Rhe4 Rxe4 23. Qxe4 Qc6 24. Qf4 Bd6 25. Be5 Bxe5 26. Nxe5 Qe6 27. c5 Nd7 28. h4 Nxe5 29. Rxe5 Qxa2 30. Re7 Rd8 31. Rxb7 a5 32. c6 Qd5 33. c7 Rc8 34. Rb8 Qe6 35. Rxc8+ Qxc8 36. Qd6 1-0

[Event "*** MasterClass Titled Tuesday Blitz"]
[Site "Chess.com"]
[Date "2017.08.01"]
[Round "7"]
[White "Journey_to_GrandMaster_YT"]
[Black "Bryakin_Mikhail"]
[Result "1-0"]
[WhiteElo "2351"]
[BlackElo "2511"]
[TimeControl "180+2"]
[EndTime "14:32:40 PDT"]
[Termination "Journey_to_GrandMaster_YT won by resignation"]

1. d4 d5 2. Nf3 Nf6 3. c4 c6 4. Nc3 a6 5. cxd5 cxd5 6. Bf4 Nc6 7. e3 Bg4 8. Be2 e6 9. O-O Bd6 10. Ne5 Bxe5 11. Bxe5 Nxe5 12. dxe5 Bxe2 13. Qxe2 Nd7 14.
f4 Rc8 15. Rad1 Qb6 16. Kh1 g6 17. Qd2 Nc5 18. e4 dxe4 19. Nxe4 O-O 20. Nf6+ Kg7 21. Qf2 h6 22. Qh4 Rh8 23. Nd7 Nxd7 24. Rxd7 Rhf8 25. Qf6+ Kg8 26. f5 gxf5 27. Qxh6 Rc4 28. Qg5+ Kh7 29. Qh5+ Kg7 30. Qg5+ Kh7 31. Rd3 Qf2 32. Rxf2 Rc1+ 33. Qxc1 1-0

[Event "*** MasterClass Titled Tuesday Blitz"]
[Site "Chess.com"]
[Date "2017.08.01"]
[Round "7"]
[White "Rbrrt"]
[Black "MartinMatthiesen"]
[Result "1-0"]
[WhiteElo "2320"]
[BlackElo "2220"]
[TimeControl "180+2"]
[EndTime "14:32:43 PDT"]
[Termination "Rbrrt won by checkmate"]

1. e4 c6 2. d4 d5 3. f3 dxe4 4. fxe4 e5 5. Nf3 Bg4 6. Bc4 Nd7 7. c3 Bxf3 8. Qxf3 Ngf6 9. a4 Qc7 10. O-O Bd6 11.
h3 O-O 12. Be3 Rae8 13. Nd2 a6 14. a5 Re7 15. Kh1 Rfe8 16. Bd3 Qb8 17. g4 h6 18.
h4 Nf8 19. Bxh6 N6h7 20. Be3 exd4 21. cxd4 c5 22. dxc5 Bc7 23. Bc4 Ne6 24. g5 Nhf8 25. b4 Ng6 26. Qh3 Ne5 27. Bd5 Ng6 28. h5 Ne5 29. h6 g6 30. Rf6 Bd8 31. Raf1 Qc8 32. h7+ Kh8 33. Qh6 Ng7 34. Bxf7 Ng4 35. Qxg6 Rxf7 36.
Rxf7 Nf2+ 37. R1xf2 Qh3+ 38. Kg1 Qxe3 39. Qxg7# 1-0

[Event "*** MasterClass Titled Tuesday Blitz"]
[Site "Chess.com"]
[Date "2017.08.01"]
[Round "7"]
[White "AlexanderKing"]
[Black "Caisachess"]
[Result "1-0"]
[WhiteElo "2435"]
[BlackElo "2247"]
[TimeControl "180+2"]
[EndTime "14:33:07 PDT"]
[Termination "AlexanderKing won by resignation"]

1. d4 Nf6 2. c4 e6 3. Nc3 Bb4 4. e3 O-O 5. Bd3 Bxc3+ 6. bxc3 d5 7. Nf3 b6 8. O-O Ba6 9. cxd5 Bxd3 10. Qxd3 exd5 11.
c4 dxc4 12. Qxc4 Nbd7 13. Bb2 Re8 14. Rac1 c5 15. dxc5 Nxc5 16. Rfd1 Qe7 17. Nd4 Qe4 18. Nb5 Qxc4 19. Rxc4 Rad8 20. Rcd4 Rxd4 21. Rxd4 a6 22. Nc7 Rc8 23. Nxa6 Nxa6 24. Rd6 Rb8 25. Bxf6 gxf6 26. Rxf6 Nb4 27. a4 Kf8 28. g4 Ke7 29. Rh6 Nd5 30. g5 Nc3 31. Rxh7 Nxa4 32. g6 Rg8 33. Rxf7+ Ke6 34. Rb7 Rxg6+ 35. Kf1 Kd5 36. f4 Ke4 37. Kf2 Rc6 38. Re7+ Kf5 39. Kf3 Nc3 40. h4 b5 41.
h5 b4 42. Rb7 Rh6 43. Rxb4 Rxh5 44. e4+ Nxe4 45. Rb5+ Kg6 46. Rxh5 Nd2+ 47. Kg4 Ne4 48. f5+ Kg7 49. Rh2 Nf6+ 50. Kg5 Ne4+ 51. Kf4 Nf6 52. Ra2 Nd5+ 53. Kg5 Nc3 54. Ra7+ Kf8 55. Kg6 Ne4 56.
f6 Ke8 57. f7+ Kf8 58. Ra8+ Ke7 59. f8=Q+ Ke6 60. Qf5+ 1-0

[Event "*** MasterClass Titled Tuesday Blitz"]
[Site "Chess.com"]
[Date "2017.08.01"]
[Round "7"]
[White "stepanosinovsky"]
[Black "Jahonas"]
[Result "1-0"]
[WhiteElo "2286"]
[BlackElo "2189"]
[TimeControl "180+2"]
[EndTime "14:33:12 PDT"]
[Termination "stepanosinovsky won by resignation"]

1. e4 c6 2. d3 d5 3. Nd2 dxe4 4.
dxe4 e5 5. Ngf3 Qc7 6. Nc4 f6 7. Ne3 Be6 8. Bc4 Bxc4 9. Nxc4 Nd7 10. O-O b5 11. Ne3 Ne7 12. a4 b4 13. Nh4 g6 14.
Nc4 Nc8 15. Qg4 Kf7 16. f4 Bc5+ 17. Kh1 Ncb6 18. Nxe5+ Nxe5 19. fxe5 Qxe5 20. Bf4 Qe6 21. Nf5 h5 22. Nh6+ Rxh6 23. Qxe6+ Kxe6 24. Bxh6 Bd4 25. c3 bxc3 26. bxc3 Bxc3 27. Rac1 Nxa4 28. Rf3 Rd8 29.
h4 Be5 30. Rxc6+ Rd6 31. Rxd6+ Kxd6 32. Ra3 Nc3 33. Bf8+ Kc6 34. Rxa7 Nxe4 35. Bg7 Ng3+ 36. Kh2 Nf1+ 37. Kh3 Kd5 38. Ra6 Ke4 39. Bxf6 Bf4 40.
Bg5 Be5 41. Rxg6 Nh2 42. Rh6 Ng4 43. g3 Nf2+ 44. Kg2 1-0

[Event "*** MasterClass Titled Tuesday Blitz"]
[Site "Chess.com"]
[Date "2017.08.01"]
[Round "7"]
[White "H16"]
[Black "DavidMarkosyan"]
[Result "1-0"]
[WhiteElo "2326"]
[BlackElo "2485"]
[TimeControl "180+2"]
[EndTime "14:33:13 PDT"]
[Termination "H16 won by resignation"]

1. g3 Nf6 2. Bg2 g6 3. b3 Bg7 4. Bb2 O-O 5. e3 d6 6. Ne2 c5 7. d3 Nc6 8. Nd2 Bd7 9. a3 b5 10. h3 a5 11. O-O Qc8 12. Kh2 a4 13. bxa4 Rxa4 14. c4 Ng4+ 15. hxg4 Bxb2 16. cxb5 Bxg4 17. Rb1 Rxa3 18. bxc6 Bg7 19. Nc4 Ra2 20. f3 Be6 21. f4 d5 22. Ne5 Bxe5 23. fxe5 Qxc6 24. Nf4 Rfa8 25. Qf3 Rd8 26. Rf2 Rxf2 27. Qxf2 Bf5 28. Nxd5 Rxd5 29. Bxd5 Qxd5 30. e4 Qxd3 31. Rb8+ Kg7 32.
exf5 gxf5 33. Rb2 c4 34. Rd2 Qc3 35. Qd4 Qf3 36. Rf2 Qh5+ 37. Qh4 Qd1 38. Qxc4 e6 39. Qe2 Qd4 40. Rf4 Qa1 41. g4 Qc1 42. Rf2 Qh6+ 43.
Kg1 Qg5 44. Qd2 Qg6 45. Qf4 h5 46. g5 Kh7 47. Rh2 Kg7 48. Rh3 Kg8 49. Rh2 Kg7 50. Kf2 Kg8 51. Kg3 Kg7 52. Kh4 Kg8 53. Rd2 Kg7 54.
Rd8 Kh7 55. Ra8 Kg7 56. Qb4 f4 57. Qf8+ 1-0

[Event "*** MasterClass Titled Tuesday Blitz"]
[Site "Chess.com"]
[Date "2017.08.01"]
[Round "7"]
[White "attack2mateU"]
[Black "TregubovP"]
[Result "0-1"]
[WhiteElo "2506"]
[BlackElo "2525"]
[TimeControl "180+2"]
[EndTime "14:33:26 PDT"]
[Termination "TregubovP won by resignation"]

1. e4 c5 2. Nf3 e6 3. d4 cxd4 4. Nxd4 Nc6 5. Nc3 Nf6 6. Ndb5 Bb4 7. a3 Bxc3+ 8. Nxc3 d5 9. exd5 exd5 10. Bd3 O-O 11. O-O d4 12. Ne4 Bf5 13. Bg5 Bxe4 14. Bxe4 h6 15.
Bxf6 Qxf6 16. f4 Rad8 17. Qd3 b6 18. Rae1 Ne7 19. Qa6 Rd7 20. Rf3 Rfd8 21. Qb5 Nd5 22. Bxd5 Rxd5 23. Re8+ Kh7 24. Qd3+ g6 25. Rxd8 Rxd8 26.
f5 g5 27. Qe4 Kg7 28. Rd3 Rd7 29. g4 Rd6 30. Kf2 a5 31. a4 Qd8 32. c3 Qc7 33. Rxd4 Rc6 34. Kg2 Rc5 35. Qf3 Qe5 36.
Re4 Qd6 37. Re8 Qd2+ 38. Kh3 Qd5 39. Qxd5 Rxd5 40. Rb8 Rd3+ 41. Kg2 Rd2+ 42. Kg3 Rxb2 43. Kf3 Rb3 44. Ke4 Rxc3 45. Rxb6 Rc4+ 46. Ke5 Rxg4 47. f6+ Kg6 48. Rb8 Rxa4 49. Rg8+ Kh5 50. Rg7 Ra2 51. Rxf7 Rxh2 52. Ra7 Re2+ 53. Kf5 Rf2+ 54. Ke6 Re2+ 55. Kf5 Rf2+ 56. Ke6 g4 57. Rxa5+ Kg6 0-1

[Event "*** MasterClass Titled Tuesday Blitz"]
[Site "Chess.com"]
[Date "2017.08.01"]
[Round "7"]
[White "XDPS"]
[Black "Ilja_Semjonovs"]
[Result "1-0"]
[WhiteElo "2532"]
[BlackElo "2412"]
[TimeControl "180+2"]
[EndTime "14:33:29 PDT"]
[Termination "XDPS won by checkmate"]

1. e4 c5 2. Nf3 d6 3. d4 cxd4 4.
Nxd4 Nf6 5. Nc3 a6 6. Be2 e5 7. Nb3 Be6 8. O-O Be7 9. f4 Qc7 10. Kh1 Nbd7 11. a4 O-O 12. Be3 Rac8 13. a5 Bc4 14. Ra4 Bxe2 15. Qxe2 exf4 16. Rxf4 Ne5 17.
Nd4 Rfe8 18. h3 d5 19. Rxf6 Bxf6 20. Nxd5 Qd8 21. Nf5 Ng6 22. c3 Re6 23. Qf3 Be5 24.
Qh5 Qd7 25. Ra1 Qb5 26. b4 Qd3 27. Qf3 Rce8 28. Rd1 Qc4 29. Bd4 Bxd4 30. Rxd4 Qc6 31. c4 Re5 32. c5 f6 33. Nd6 Rf8 34. Ne3 Rd8 35. Nef5 Qa4 36. Kh2 Rd7 37. b5 Qc2 38. bxa6 bxa6 39. h4 Rxc5 40. h5 Ne5 41. Qg3 Qc3 42. Qh4 Rxa5 43. Rd1 Nf3+ 44. gxf3 Qxf3 45. Rd2 Ra1 46. Rg2 Ra2 47. Rxa2 Qxe4 48. Qxe4 Rxd6 49. Qe8# 1-0

[Event "*** MasterClass Titled Tuesday Blitz"]
[Site "Chess.com"]
[Date "2017.08.01"]
[Round "7"]
[White "lukas_111111"]
[Black "maciek_92"]
[Result "0-1"]
[WhiteElo "2416"]
[BlackElo "2540"]
[TimeControl "180+2"]
[EndTime "14:33:30 PDT"]
[Termination "maciek_92 won on time"]

1. e4 c5 2. Nf3 e6 3. d4 cxd4 4. Nxd4 Nc6 5. Nc3 Qc7 6. Be3 a6 7. a3 Nf6 8. f4 d6 9. Qf3 Bd7 10. O-O-O Rc8 11. Nb3 Na5 12. Nd2 b5 13. g4 Bc6 14. g5 Nd7 15. Qf2 d5 16. Bg2 b4 17.
axb4 Bxb4 18. exd5 Bxd5 19. Bd4 Bxg2 20. Qxg2 Nc6 21. Nde4 O-O 22. Be3 Rfd8 23. Nf6+ Nxf6 24. gxf6 g6 25. Rxd8+ Qxd8 26. Ne4 Qa5 27. Kb1 Bf8 28. c3 Rd8 29. Qc2 Rc8 30. Re1 Qd5 31. Rd1 Qb5 32.
Nd6 Bxd6 33. Rxd6 h5 34. Qd3 Qb3 35. Qd1 Qc4 36. Qd3 Qa4 37. Qd1 Qa5 38. Qd3 h4 39. h3 Qa4 40. Qd1 Qe4+ 41. Qd3 Qh1+ 42.
Bc1 Nb4 43. Rd8+ Kh7 44. Qd1 Qe4+ 45. Ka1 Nc2+ 46. Ka2 Rc5 0-1

[Event "*** MasterClass Titled Tuesday Blitz"]
[Site "Chess.com"]
[Date "2017.08.01"]
[Round "7"]
[White "pedroholly22"]
[Black "Al_Shima"]
[Result "1-0"]
[WhiteElo "2300"]
[BlackElo "2367"]
[TimeControl "180+2"]
[EndTime "14:33:36 PDT"]
[Termination "pedroholly22 won by resignation"]

1. e4 d5 2. exd5 Nf6 3. Nc3 Nxd5 4. Bc4 c6 5. Qf3 Nf6 6. Nge2 Bg4 7. Qg3 Nbd7 8. d4 e6 9. Bb3 Be7 10. h3 Bxe2 11. Nxe2 O-O 12. O-O Ne4 13. Qd3 Ndf6 14.
c3 Nc5 15. Qg3 Nxb3 16. axb3 Ne4 17. Qd3 Nd6 18. Bf4 Nf5 19. Rfd1 Qb6 20. b4 a5 21.
bxa5 Rxa5 22. b4 Raa8 23. Ng3 Nxg3 24. Bxg3 Rfd8 25. Qc4 h6 26. Be5 Rdc8 27. Kf1 Qd8 28. Qb3 Qd5 29. Qxd5 cxd5 30. Rxa8 Rxa8 31. Rc1 b5 32. Ke2 Ra2+ 33. Kf1 Bg5 34. f4 Bh4 35. Rd1 f6 36. Bd6 Kf7 37. Rd3 Bf2 38. Rf3 Bh4 39. g3 Ra1+ 40. Kg2 Bxg3 41. Kxg3 Kg6 42. f5+ exf5 43.
Kf4 Re1 44. Rg3+ Kf7 45. Kxf5 Rf1+ 46. Kg4 g6 47. Re3 h5+ 48. Kg3 g5 49. Rf3 Rg1+ 50.
Kf2 Rc1 51. Be5 Rc2+ 52. Kg3 h4+ 53. Kg4 Rg2+ 54. Kh5 g4 55. hxg4 h3 56. Bxf6 h2 57. Be5+ Ke6 58. Rh3 1-0

[Event "*** MasterClass Titled Tuesday Blitz"]
[Site "Chess.com"]
[Date "2017.08.01"]
[Round "7"]
[White "politeplayer"]
[Black "El-Ajedrecista"]
[Result "1-0"]
[WhiteElo "2206"]
[BlackElo "1823"]
[TimeControl "180+2"]
[EndTime "14:33:38 PDT"]
[Termination "politeplayer won by resignation"]

1. e4 c5 2. d3 Nc6 3. Nf3 g6 4. d4 cxd4 5. c3 dxc3 6. Nxc3 Bg7 7. Bc4 Nf6 8. e5 Ng4 9. Bxf7+ Kxf7 10.
Ng5+ Kg8 11. Qxg4 Nxe5 12. Qe2 h6 13. Nf3 Nxf3+ 14. gxf3 d6 15. Rg1 Bf5 16. Bd2 Rc8 17. Nd5 e6 18. Ne3 Kh7 19. Rd1 Bxb2 20. Nxf5 exf5 21. Kf1 Re8 22. Be3 Bg7 23. h4 Qxh4 24. Rxd6 Qh3+ 25. Ke1 Qh2 26. Rdxg6 Bc3+ 27. Kf1 Qh3+ 28.
R1g2 Rg8 29. Rxh6+ Qxh6 30. Bxh6 Rxg2 31. Kxg2 Rg8+ 32.
Kf1 Kxh6 33. Qe3+ Kg6 34. Qxc3 Rg7 35. f4 a6 36. Qc5 Rf7 37. Qb6+ Kg7 38. f3 Kf8 39. a4 Ke8 40. a5 Rd7 41. Ke2 Re7+ 42. Kf2 Rf7 43. Qe6+ Kf8 44. Qc8+ Kg7 45. Ke3 Kf6 46.
Kd4 Re7 47. Qf8+ Ke6 48. Kc5 Kd7 49. Qxf5+ 1-0

[Event "*** MasterClass Titled Tuesday Blitz"]
[Site "Chess.com"]
[Date "2017.08.01"]
[Round "7"]
[White "matein28"]
[Black "Keaton87"]
[Result "1-0"]
[WhiteElo "2395"]
[BlackElo "2482"]
[TimeControl "180+2"]
[EndTime "14:33:44 PDT"]
[Termination "matein28 won by resignation"]

1. d4 d5 2. c4 e6 3. Nf3 Nf6 4. Bg5 Be7 5. e3 O-O 6. Nbd2 b6 7. cxd5 Nxd5 8. Bxe7 Qxe7 9. Rc1 Nd7 10. e4 Nf4 11. Rxc7 Qb4 12. Qb3 Qa5 13. g3 Ng6 14. Bd3 Rd8 15. a3 Ba6 16. Bxa6 Qxa6 17. Qc4 b5 18. Qc6 Qxc6 19. Rxc6 Rac8 20. Rxc8 Rxc8 21.
Kd1 Nb6 22. b3 Rc3 23. Re1 a5 24. Re3 Rc8 25. Nb1 b4 26. axb4 axb4 27. Re2 Ra8 28. Rc2 f5 29. Nbd2 fxe4 30. Nxe4 Nd5 31. Nfg5 Nf8 32.
Rc6 Ra3 33. Nc5 Ra2 34. Ke1 h6 35. Ngxe6 Nxe6 36. Rxe6 Kf7 37. Re5 Nc3 38. h4 Rb2 39. Rf5+ Kg6 40. Rf8 Kh5 41. f3 Ra2 42. Rf5+ Kg6 43. g4 Ra5 44. h5+ Kh7 45. Kd2 Ra1 46.
Kd3 Rc1 47. Rf7 Kg8 48. Rb7 Nd5 49. Ke4 Nf6+ 50. Kf5 Rf1 51. Ne6 Rxf3+ 52. Kg6 Nh7 53. Rb8+ Nf8+ 54. Rxf8+ Rxf8 55. Nxf8 Kxf8 56. d5 1-0

[Event "*** MasterClass Titled Tuesday Blitz"]
[Site "Chess.com"]
[Date "2017.08.01"]
[Round "7"]
[White "Lord_Neezy"]
[Black "ChessNinja48"]
[Result "1-0"]
[WhiteElo "2182"]
[BlackElo "2277"]
[TimeControl "180+2"]
[EndTime "14:33:47 PDT"]
[Termination "Lord_Neezy won by resignation"]

1. e4 e5 2. Nc3 Nc6 3. Bc4 Nf6 4. d3 Be7 5. f4 d6 6. Nf3 O-O 7. f5 Na5 8. Qe2 c6 9. O-O d5 10. Bb3 Nxb3 11. axb3 dxe4 12. dxe4 Nd7 13. Rd1 Qc7 14. Kh1 b6 15. g4 Bb7 16. Be3 Rfd8 17.
Bf2 a5 18. Bg3 b5 19. Rd2 b4 20. Nd1 c5 21. Nf2 Ba6 22. Qe3 f6 23. g5 Kh8 24.
Ng4 Nf8 25. gxf6 gxf6 26. Rad1 Rxd2 27. Rxd2 Rd8 28. Nh6 Rxd2 29. Qxd2 Kg7 30. Be1 Qd8 31. Qg2+ Kxh6 32. Bd2+ Qxd2 33. Qxd2+ Kg7 34. Qg2+ Kf7 35. Nd2 Bb5 36. Qf3 a4 37. bxa4 Bxa4 38. b3 Bc6 39. Qh5+ Kg7 40. Qg4+ Kf7 41. Qe2 Nd7 42. Qc4+ Ke8 43.
Qe6 Bb7 44. Qg8+ Nf8 45. Kg2 Kd7 46. Kf3 Ba6 47. Qd5+ Kc7 48. Nc4 Nd7 49. Qe6 Bxc4 50. Qxe7 Bb5 51. Qxh7 c4 52. Qf7 cxb3 53. cxb3 Bc6 54.
h4 Kd6 55. Qe6+ Kc5 56. h5 Kd4 57. Qd6+ 1-0